 Dungeon Crawl Stone Soup version 0.26-a0-757-g626ac9e51a (webtiles) character file.

Game seed: 2217437345054720426

75 strifetoe the Chopper (level 4, -4/39 HPs)
             Began as a Hill Orc Fighter on Nov 7, 2020.
             Killed by divine providence
             ... invoked by an orc priest
              (11 damage)
             ... on level 4 of the Dungeon.
             The game lasted 00:01:00 (818 turns).

strifetoe the Chopper (Hill Orc Fighter)             Turns: 818, Time: 00:01:01

Health: -4/39      AC:  6    Str: 19    XL:     4   Next: 31%
Magic:  4/4        EV:  7    Int:  8    God:
Gold:   36         SH:  9    Dex: 10    Spells: 3/3 levels left

rFire    . . .     SeeInvis .   a - +0 war axe
rCold    . . .     Faith    .   c - +0 kite shield
rNeg     . . .     Spirit   .   b - +0 scale mail
rPois    .         Reflect  .   (helmet restricted)
rElec    .         Harm     .   (no cloak)
rCorr    .         Rampage  .   (no gloves)
MR       .....                  (no boots)
Stlth    ..........             (no amulet)
HPRegen  0.13/turn              (no ring)
MPRegen  0.09/turn              (no ring)

@: mighty, brilliant, invisible
A: horns 1, blurry vision 1
a: no special abilities


You were on level 4 of the Dungeon.
You visited 1 branch of the dungeon, and saw 4 of its levels.

You collected 36 gold pieces.

Inventory:

Hand Weapons
 a - a +0 war axe (weapon)
Armour
 b - a +0 scale mail (worn)
 c - a +0 kite shield (worn)
Jewellery
 j - an uncursed ring of flight {unknown}
Scrolls
 g - 2 scrolls of teleportation {unknown}
 h - 2 scrolls of remove curse {unknown}
Potions
 e - 2 potions of curing {unknown}


   Skills:
 - Level 3.6 Fighting
 + Level 5.9 Axes
 - Level 3.2 Armour
 - Level 3.2 Shields


You had 3 spell levels left.
You didn't know any spells.
Your spell library was empty.

Dungeon Overview and Level Annotations

Branches:
Dungeon (4/15)
 Temple: D:4-7

Altars:


Innate Abilities, Weirdness & Mutations

You have a pair of small horns on your head.
Scrolls take you a little longer to read.


Message History

The orc priest mumbles some strange prayers to Beogh against you.
You barely resist.
The orc priest calls upon Beogh to heal the orc priest.
The orc priest's wounds heal themselves!
Unknown command.
You feel very mighty all of a sudden.
The orc priest calls upon Beogh to heal the orc priest.
The orc priest's wounds heal themselves!
It was a potion of mutation.
You feel extremely strange.
Your vision blurs.
A pair of horns grows on your head!
The orc priest hits you with a +0 flail.
* * * LOW HITPOINT WARNING * * *
It was a potion of brilliance.
You feel clever all of a sudden.
It was a potion of invisibility.
You fade into invisibility!
The orc priest hits you but does no damage.
The orc priest calls down the wrath of Beogh upon you.
Beogh smites you!
You die...

#.#.# #.# .
#.#.# #.# ..
##.#.# #.# ...
#....####.#
....
####.......#.#
....o####
#.......##.#.#
.....o..#
#.#####.##.#.##
#o#####.#
#.##.#...
#ooo@...#
###.##.#..#
#########
#(.....#..#
#.#.......#
#.#.####.## #
#.# #.#
.#.####.##
.........#
.#.####..#
#.#.....<


You could see 2 orc priests and 2 orcs.

Vanquished Creatures
  Terence (D:2)
  An adder (D:2)
  2 worms (D:2)
  2 dart slugs (D:1)
  A leopard gecko (D:2)
  3 orcs (D:3)
  A bat (D:2)
  4 giant cockroaches
  A hobgoblin (D:3)
  2 kobolds (D:2)
  A quokka (D:3)
  4 goblins
  6 rats
29 creatures vanquished.

Notes
Turn   | Place    | Note
-------+----------+-------------------------------------------
     0 | D:1      | strifetoe the Hill Orc Fighter began the quest for the Orb.
     0 | D:1      | Reached XP level 1. HP: 19/19 MP: 1/1
    48 | D:1      | Reached skill level 3 in Axes
   100 | D:1      | Reached XP level 2. HP: 26/26 MP: 2/2
   126 | D:2      | Noticed Terence
   145 | D:2      | Killed Terence
   145 | D:2      | Reached skill level 4 in Axes
   145 | D:2      | Reached XP level 3. HP: 24/31 MP: 3/3
   222 | D:2      | Reached skill level 5 in Axes
   370 | D:2      | Reached XP level 4. HP: 35/39 MP: 4/4
   816 | D:4      | Gained mutation: Scrolls take you a little longer to read.
                  | [potion of mutation]
   816 | D:4      | Gained mutation: You have a pair of small horns on your
                  | head. [potion of mutation]
   818 | D:4      | Killed from afar by an orc priest

Illustrated notes

Levels and vault maps discovered:
D:1:      minmay_arrival_open_corners, layout_loops_corners
D:2:      layout_basic, st_stairs_11, uniq_terence
D:3:      layout_rooms, corexii_corridor_pit
D:4:      layout_loops_ring, minmay_temple_entry_from_below_a,
          kennysheep_windowed_goal

Skill      XL: |  1  2  3 |
---------------+----------+-----
Axes           | 3 4 5 |  5.9
Fighting       | |  3.6
Armour         | |  3.2
Shields        | |  3.2

Action                   |  1- 3 |  4- 6 || total
-------------------------+-------+-------++-------
Melee: War axe           |    60 |    39 ||    99
  Use: Potion            |       |     4 ||     4
Armor: Scale mail        |    19 |     9 ||    28
Dodge: Dodged            |    15 |    12 ||    27
Block: Kite shield       |    30 |    13 ||    43

Table legend: (Time is in decaauts)
 A = Elapsed time spent in this place.
 B = Non-inter-level travel time spent in this place.
 C = Inter-level travel time spent in this place.
 D = Time resting spent in this place.
 E = Time spent auto-exploring this place.
 F = Levels seen in this place.
 G = Mean time per level.
                   A        B        C        D        E       F      G
               +--------+--------+--------+--------+--------+-----+--------+
         Total |    851 |    800 |     51 |     65 |    519 |   4 |  212.8 |
       Dungeon |    851 |    800 |     51 |     65 |    519 |   4 |  212.8 |
               +--------+--------+--------+--------+--------+-----+--------+

Top non-repeatable levels by time:
     D:2: 424 daAuts
     D:3: 246 daAuts
     D:1: 128 daAuts
     D:4: 51 daAuts
